 Dungeon Sprint DCSS version 0.26.1-2-gb8aa6d0cf2 (webtiles) character file.

Game seed: 14943534842758303278

897 Groucho the Covert (level 7, -16/38 HPs)
             Began as a Spriggan Enchanter on Feb 24, 2021.
             Was a High Priest of Kikubaaqudgha.
             Killed from afar by a smoke demon (30 damage)
             ... with a ball of steam
             ... summoned by a kobold demonologist
             ... in the Dungeon (Sprint VII: "The Pits").
             The game lasted 00:07:11 (3523 turns).

Groucho the Covert (Spriggan Enchanter)             Turns: 3523, Time: 00:07:12

Health: -16/38     AC:  2    Str:  6      XL:     7   Next: 79%
Magic:  12/19      EV: 27    Int: 16      God:    Kikubaaqudgha [*****.]
Gold:   0          SH:  0    Dex: 16 (17) Spells: 9/21 levels left

rFire    . . .     SeeInvis +   n - +2 dagger (venom)
rCold    . . .     Faith    .   (shield restricted)
rNeg     . . .     Spirit   .   b - +0 robe
rPois    .         Reflect  .   (helmet restricted)
rElec    .         Harm     .   (no cloak)
rCorr    .         Rampage  .   (gloves unavailable)
Will     +....     NoTele   +   (boots unavailable)
Stlth    +++++.....             (no amulet)
HPRegen  0.12/turn              (no ring)
MPRegen  0.16/turn              (no ring)

@: very quick
A: very small, unfitting armour, see invisible, speed 3
a: Renounce Religion, Receive Corpses, Torment


You were in the Dungeon.
You worshipped Kikubaaqudgha.
Kikubaaqudgha was extremely pleased with you.
You visited 1 branch

Inventory:

Hand Weapons
 a - a +2 dagger
 n - a +2 dagger of venom (weapon)
Missiles
 m - 10 stones
Armour
 b - a +0 robe (worn)
Scrolls
 i - a scroll of blinking
 j - 3 scrolls of remove curse
 k - 5 scrolls of amnesia
 l - a scroll of summoning
Potions
 c - 2 potions of invisibility
 d - 5 potions of curing
 e - 5 potions of heal wounds
 f - a potion of haste
 g - 3 potions of magic
 h - 3 potions of berserk rage


   Skills:
 + Level 4.3 Fighting
 + Level 5.9 Short Blades
 * Level 11.1 Dodging
 * Level 12.3 Stealth
 + Level 7.8 Spellcasting
 * Level 9.9 Hexes
 + Level 3.9 Necromancy


You had 9 spell levels left.
You knew the following spells:

 Your Spells              Type           Power        Failure   Level
a - Corona                Hex            42%          1%          1
b - Ensorcelled Hibernat  Hex/Ice        44%          2%          2
c - Confusing Touch       Hex            38%          1%          3
d - Dazzling Flash        Conj/Hex       44%          4%          3
e - Tukima's Dance        Hex            38%          1%          3

Your spell library contained the following spells:

 Spells                   Type           Power        Failure   Level
 Pain                     Necr           76%          2%          1
 Sublimation of Blood     Necr           9%           3%          2
 Vampiric Draining        Necr           9%           7%          3
 Corpse Rot               Necr/Air       N/A          8%          2
 Animate Dead             Necr           9%           22%         4
 Dispel Undead            Necr           19%          22%         4
 Agony                    Necr           19%          52%         5
 Borgnjor's Vile Clutch   Necr/Erth      6%           80%         5
 Simulacrum               Ice/Necr       6%           100%        6


Dungeon Overview and Level Annotations

Branches:
Dungeon (1/1)

Altars:
Ashenzari
Cheibriados
Dithmenos
Elyvilon
Fedhas
Gozag
Hepliaklqana
Kikubaaqudgha
Makhleb
Nemelex Xobeh
Okawaru
Qazlal
Ru
Sif Muna
Trog
Uskayaw
Vehumet
Wu Jian
Xom
Yredelemnul
Zin
The Shining One
Beogh
Jiyva
Lugonu


Innate Abilities, Weirdness & Mutations

You are very small and have problems with some larger weapons.
You are too small for most types of armour.
You have supernaturally acute eyesight. (SInv)
You cover ground extremely quickly.


Message History

You hit the kobold demonologist but do no damage.
The kobold demonologist is lightly wounded.
The ufetubus closely misses you. The ufetubus hits you.
The kobold demonologist completely misses you.
The smoke demon gestures at you. The sticky flame misses you.
Unknown command.
Unknown command.
You hit the kobold demonologist.
The kobold demonologist looks as sick as possible!
The kobold demonologist is moderately wounded.
The ufetubus closely misses you. The ufetubus misses you.
You hit the kobold demonologist but do no damage.
The kobold demonologist looks as sick as possible!
The kobold demonologist is moderately wounded.
The smoke demon gestures at you. The ball of steam hits you!!
Ouch! That really hurt!
You die...
Kikubaaqudgha rasps: "You have failed me!
Welcome... death!"

############ #_________.#
#________o.#
#_______...###########++####
##########'##.K.............
#.?..')))).##.5@5..#..#.....
##########.##53.............
#......45..)')....).........
#+#####5#####[.....#..#.....
#.#...#.#[[##...............
#.#...#.#))#####'#####++####
#.#...'.#))##.......#
#.##'####))##.......#
#.#.....#..##.......#


You could see a kobold demonologist (confused, extremely poisoned), a smoke
demon (summoned), 2 iron imps and an ufetubus (summoned).

Vanquished Creatures
  A flying skull (D)
  A water elemental (D)
  A warg (D)
  An orc warrior (D)
  A floating eye (D)
  A necrophage (D)
  A centaur (D)
  A quasit (D)
  An orc wizard (D)
  A mummy (D)
  A gnoll (D)
  2 adders (D)
  A white imp (D)
  2 ufetubi (D)
  An ooze (D)
  2 orcs (D)
  A bat skeleton (D)
  3 jackals (D)
  2 ball pythons (D)
  A frilled lizard (D)
26 creatures vanquished.

Notes
Turn   | Place    | Note
-------+----------+-------------------------------------------
     0 | D        | Groucho the Spriggan Enchanter began the quest for the Orb.
     0 | D        | Reached XP level 1. HP: 9/9 MP: 5/5
     9 | D        | Noticed a floating eye
    12 | D        | Paralysed by a floating eye for 3 turns
    18 | D        | Paralysed by a floating eye for 4 turns
    24 | D        | Killed a floating eye
    25 | D        | Reached skill level 7 in Stealth
    25 | D        | Reached skill level 5 in Spellcasting
    25 | D        | Reached skill level 5 in Hexes
    25 | D        | Reached XP level 2. HP: 15/15 MP: 6/9
    25 | D        | Reached XP level 3. HP: 18/18 MP: 6/10
    25 | D        | Reached XP level 4. HP: 23/23 MP: 7/12
    53 | D        | Found a bloodstained altar of Trog.
    53 | D        | Found a shimmering blue altar of Sif Muna.
    53 | D        | Found a viscous altar of Jiyva.
    53 | D        | Found a hazy altar of Hepliaklqana.
    53 | D        | Found an opulent altar of Gozag.
    54 | D        | Found a glowing golden altar of the Shining One.
    54 | D        | Found a glowing silver altar of Zin.
    54 | D        | Found a basalt altar of Yredelemnul.
    54 | D        | Found a shimmering altar of Xom.
    54 | D        | Found an ornate altar of the Wu Jian Council.
    54 | D        | Found a sacrificial altar of Ru.
    54 | D        | Found a stormy altar of Qazlal.
    54 | D        | Found an iron altar of Okawaru.
    54 | D        | Found a sparkling altar of Nemelex Xobeh.
    54 | D        | Found a burning altar of Makhleb.
    54 | D        | Found a blossoming altar of Fedhas.
    54 | D        | Found a white marble altar of Elyvilon.
    54 | D        | Found a shadowy altar of Dithmenos.
    54 | D        | Found a snail-covered altar of Cheibriados.
    55 | D        | Found a radiant altar of Vehumet.
    55 | D        | Found a corrupted altar of Lugonu.
    55 | D        | Found a roughly hewn altar of Beogh.
    56 | D        | Found an ancient bone altar of Kikubaaqudgha.
    56 | D        | Found a hide-covered altar of Uskayaw.
    56 | D        | Found a broken altar of Ashenzari.
    65 | D        | Became a worshipper of Kikubaaqudgha
    91 | D        | Learned a level 2 spell: Ensorcelled Hibernation
    95 | D        | Learned a level 3 spell: Confusing Touch
    99 | D        | Learned a level 3 spell: Dazzling Flash
   103 | D        | Learned a level 3 spell: Tukima's Dance
   467 | D        | Reached * piety under Kikubaaqudgha
   467 | D        | Identified Kikubaaqudgha's Volume of Unholy Rites
                  | (Kikubaaqudgha gifted it to you in the Dungeon)
   467 | D        | Received a gift from Kikubaaqudgha
   476 | D        | Reached ** piety under Kikubaaqudgha
   960 | D        | Noticed an orc warrior
   983 | D        | Reached skill level 8 in Stealth
   983 | D        | Reached XP level 5. HP: 23/27 MP: 2/14
  1203 | D        | Killed an orc warrior
  1204 | D        | Reached skill level 9 in Stealth
  1204 | D        | Reached skill level 1 in Necromancy
  1226 | D        | Reached *** piety under Kikubaaqudgha
  1226 | D        | Identified Kikubaaqudgha's Almanac of Evil (Kikubaaqudgha
                  | gifted it to you in the Dungeon)
  1226 | D        | Received a gift from Kikubaaqudgha
  1821 | D        | Noticed a warg
  1824 | D        | Noticed a necrophage
  1825 | D        | Noticed a flying skull
  1848 | D        | Reached XP level 6. HP: 31/32 MP: 13/16
  1883 | D        | Killed a warg
  1884 | D        | Reached skill level 10 in Stealth
  1895 | D        | Reached **** piety under Kikubaaqudgha
  1913 | D        | Reached skill level 5 in Short Blades
  1913 | D        | Reached skill level 11 in Stealth
  2203 | D        | Killed a flying skull
  2204 | D        | Reached skill level 10 in Dodging
  2204 | D        | Reached XP level 7. HP: 27/37 MP: 14/18
  2455 | D        | Noticed a water elemental
  2457 | D        | Killed a water elemental
  2457 | D        | Reached ***** piety under Kikubaaqudgha
  2458 | D        | Reached skill level 12 in Stealth
  2700 | D        | Noticed a kobold demonologist
  2701 | D        | Noticed a neqoxec
  2705 | D        | Noticed a ynoxinul
  3489 | D        | Noticed a sun demon
  3491 | D        | Noticed a chaos spawn
  3514 | D        | Noticed a smoke demon
  3523 | D        | Killed from afar by a smoke demon

Illustrated notes

Levels and vault maps discovered:
D:        pitsprint [storerooms_1, entrance_room_1, metal_vault_8, armoury_1,
          mini_pit_1, grid_room_1, main_hall_1, silver_pit, the_coven_3,
          the_vestibule_1, steel_vault_2, golden_pit, hallway_of_sentries,
          crystal_vault_3, iron_vault_4, final_vault]

Skill      XL: |  1  2  3  4  5  6  7 |
---------------+----------------------+-----
Fighting       | 2 3 4 |  4.3
Short Blades   | 3 4 5 |  5.9
Dodging        | 6 7 8 10 11 | 11.1
Stealth        | 7 8 9 11 12 | 12.3
Spellcasting   | 5 6 7 |  7.8
Hexes          | 5 6 7 9 |  9.9
Necromancy     | 2 3 |  3.9

Action                   |  1- 3 |  4- 6 |  7- 9 || total
-------------------------+-------+-------+-------++-------
Melee: Dagger            |     8 |    55 |    28 ||    91
 Cast: Ensorcelled Hiber |       |    18 |    13 ||    31
       Confusing Touch   |       |     8 |     5 ||    13
  Use: Potion            |       |     2 |     1 ||     3
 Stab: Sleeping          |       |     9 |     5 ||    14
       Confused          |       |     5 |     3 ||     8
Armor: Robe              |       |     4 |       ||     4
Dodge: Dodged            |       |    57 |    51 ||   108
